 Dungeon Crawl Stone Soup version 0.17.0-7-gfadd4cc (console) character file.

2 gw the Chucker (level 1, 0/19 HPs)
             Began as a Troll Hunter on Nov 9, 2015.
             Slain by a gnoll
             ... wielding a +1 whip of venom
              (1 damage)
             ... on level 1 of the Dungeon.
             The game lasted 00:00:12 (124 turns).

gw the Chucker (Troll Hunter)                        Turns: 124, Time: 00:00:12

Health: 0/19       AC:  5    Str: 19    XL:     1   Next: 33%
Magic:  0/0        EV: 10    Int:  7    God:
Gold:   12         SH:  0    Dex: 10    Spells: 0 memorised, 0 levels left

rFire  . . .     SeeInvis .     c - +0 short sword
rCold  . . .     Clarity  .     d - +0 robe
rNeg   . . .     SustAt   .     (no shield)
rPois  .         Gourm    +     (helmet restricted)
rElec  .         Spirit   .     (no cloak)
rCorr  .         Warding  .     (gloves unavailable)
rMut   .         Stasis   .     (boots unavailable)
MR     .....                    (no amulet)
Stlth  +.........               (no ring)
                                (no ring)

@: lethally poisoned (0 -> -2), not resistant to hostile enchantments, very
unstealthy
A: unfitting armour, claws 3, fast metabolism 3, gourmand, regeneration 2,
shaggy fur 1, tough skin 2
a: no special abilities


You were on level 1 of the Dungeon.
You were not hungry.

You visited 1 branch of the dungeon, and saw 1 of its levels.

You collected 12 gold pieces.

Inventory:

Hand Weapons
 c - a +0 short sword (weapon)
Missiles
 a - 2 large rocks (quivered)
 b - 2 throwing nets
 f - 44 stones
Armour
 d - a +0 robe (worn)
Comestibles
 e - 2 bread rations


   Skills:
 + Level 1.5 Fighting
 * Level 3.6 Throwing
 + Level 1.8 Dodging
 - Level 0.4 Stealth
 + Level 0.0 Unarmed Combat


You couldn't memorise any spells.
You didn't know any spells.

Dungeon Overview and Level Annotations

Branches:
Dungeon (1/15)

Altars:


Innate Abilities, Weirdness & Mutations

You are too large for most types of armour.
You have claws for hands.
Your metabolism is lightning-fast.
You like to eat raw meat.
You heal very quickly.
You are covered in fur (AC +1).
You have very tough skin (AC +2).


Message History

The gnoll is almost dead.
The gnoll hits you but does no damage.
You are lethally poisoned!
Unknown command.
Unknown command.
Unknown command.
Unknown command.
FLEEEEING!
ATTACKING (0,-1) Wear which item? (? for menu, Esc to quit)
Huh?
Wear which item? (? for menu, Esc to quit)
Okay, then.
Unknown command.
Unknown command.
You closely miss the gnoll.
The gnoll is almost dead.
You feel sick.
The gnoll hits you with a whip of venom.
You die...

#.#........####..#
#.#..............#
#.#....###.#####.#
#.#....# #.# #.#
#.#....# #.# #.#
#.#....# #.# #.#
......# #.# #.#
...#.## #.# #g#
..# #T# #.# ..#
####


You could see a gnoll.

Table legend:
 A = Turns spent in this place as a percentage of turns spent in the entire game.
 B = Non-inter-level travel turns spent in this place as a percentage of non-inter-level travel turns spent in the entire game.
 C = Inter-level travel turns spent in this place as a percentage of turns spent in this place.
 D = Turns resting spent in this place as a percentage of non-inter-level travel turns spent in this place.
 E = Turns spent auto-exploring this place as a percentage of non-inter-level travel turns spent in this place.
 F = Non-inter-level travel turns spent in this place divided by the number of levels of this place that you've seen.
                   A       B       C       D       E      F
               +-------+-------+-------+-------+-------+----------------------
         Total | 100.0 | 100.0 |   0.0 |   0.0 |   1.7 | 299.0
       Dungeon | 100.0 | 100.0 |   0.0 |   0.0 |   1.7 | 299.0
               +-------+-------+-------+-------+-------+----------------------

Table legend:
 A = Kills in this place as a percentage of kills in entire the game.
 B = Kills by you in this place as a percentage of kills by you in the entire game.
 C = Kills by friends in this place as a percentage of kills by friends in the entire game.
 D = Other kills in this place as a percentage of other kills in the entire game.
 E = Experience gained in this place as a percentage of experience gained in the entire game.
 F = Experience gained in this place divided by the number of levels of this place that you have seen.
                   A       B       C       D       E      F
               +-------+-------+-------+-------+-------+----------------------
         Total | 100.0 | 100.0 |  -nan |  -nan | 100.0 |   4.0
       Dungeon | 100.0 | 100.0 |  -nan |  -nan | 100.0 |   4.0
               +-------+-------+-------+-------+-------+----------------------

Vanquished Creatures
  A bat (D:1)
  A hobgoblin (D:1)
2 creatures vanquished.

Notes
Turn   | Place    | Note
--------------------------------------------------------------
     0 | D:1      | gw the Troll Hunter began the quest for the Orb.
     0 | D:1      | Reached XP level 1. HP: 19/19 MP: 0/0
   124 | D:1      | Slain by a gnoll

Action                   || total
-------------------------++-------
Melee: Short sword       ||    10
Throw: Large rock        ||     3

Vault maps used:
D:1:      evilmike_arrival_rings, minmay_misc_feat_cross,
          minmay_misc_feat_nine_boxes, hex_tiny
